AoeStats
← Kotal Kahn

Arabia

507908623Analyzed
2v2 RM · 10d ago on Sep 20, 2026· 29m 28s· 4 players
Game mode
Random Map
Map size
Medium (4 player)
Population
200
Speed
Normal
Resources
Standard
Victory
Conquest
Starting age
Dark Age
Ending age
Imperial Age
RankedLock teamsTeams togetherTeam positionsShared explorationLock speedFull tech treeHidden civsTurbo modeCheats
Victory
Defeat
🇦🇷 Magyars · Argentina
1287
+17
🇹🇼 Romans · Taiwan
1279
+18
🇭🇰 Magyars · Hong Kong SAR China
1343
-18
🇨🇱 Inca · Chile
1292
-17
O P T I M U S
6:21 Loom
9:51 Feudal Age
10:30 Man-at-Arms
15:25 Double-Bit Axe
17:13 Fletching
20:52 Padded Archer Armor
25:35 Castle Age
25:52 Gold Mining
26:46 Bodkin Arrow
27:09 Bow Saw
27:27 Bloodlines
27:18 Husbandry
29:39 Leather Archer Armor
bananaa
6:06 Loom
9:01 Feudal Age
12:44 Double-Bit Axe
13:08 Fletching
15:34 Padded Archer Armor
20:33 Wheelbarrow
21:28 Gold Mining
24:40 Castle Age
22:25 Horse Collar
25:19 Bodkin Arrow
24:49 Crossbowman
25:59 Scale Barding Armor
Kotal Kahn
9:50 Loom
12:26 Feudal Age
18:20 Fletching
18:21 Double-Bit Axe
18:17 Horse Collar
26:29 Castle Age
24:37 Padded Archer Armor
27:07 Bodkin Arrow
26:33 Crossbowman
27:18 Gold Mining
28:34 Ballistics
GG
6:33 Loom
9:28 Feudal Age
10:02 Double-Bit Axe
17:39 Horse Collar
23:20 Castle Age
21:58 Bloodlines
22:58 Scale Barding Armor
22:58 Fletching
25:03 Bow Saw
28:14 Light Cavalry
29:01 Husbandry
Connection lost

Rejoining the realm…

Still unreachable

The connection could not be restored.

Session expired

The server has moved on; the page needs a fresh start.